 Dungeon Sprint DCSS version 0.26-a0-683-g5206c1d7ac (webtiles) character file.

Game seed: 3744805024369713278

55600000 jfcaron the Axe Maniac (level 27, -3/249 HPs)
             Began as a Formicid Fighter on Oct 23, 2020.
             Was the Champion of Makhleb.
             Killed by divine providence
             ... invoked by an observer
              (10 damage)
             ... in the Dungeon (Sprint VIII: "Arena of Blood").
             The game lasted 00:07:00 (556 turns).

jfcaron the Axe Maniac (Formicid Fighter)            Turns: 556, Time: 00:07:00

Health: -3/249     AC: 13    Str: 24    XL:     27
Magic:  54/54      EV: 32    Int:  9    God:    Makhleb [******]
Gold:   0          SH:  0    Dex: 19    Spells: 80/80 levels left

rFire    + . .     SeeInvis +   g - +∞ Axe of Woe
rCold    . . .     Faith    .   b - +0 kite shield
rNeg     . . .     Spirit   .   a - +0 scale mail
rPois    .         Reflect  .   (helmet unavailable)
rElec    .         Harm     .   (no cloak)
rCorr    .         Rampage  .   (no gloves)
MR       ++...                  (no boots)
Stlth    ++........             (no amulet)
HPRegen  0.51/turn              h - ring of protection from fire
MPRegen  0.34/turn              (no ring)

@: confused, mighty, lethally poisoned (-3 -> -47)
A: permanent stasis, dig shafts and tunnels, four strong arms, antennae 3
a: Dig, Minor Destruction, Lesser Servant of Makhleb, Major Destruction, Greater
Servant of Makhleb, Renounce Religion


You were in the Dungeon.
You worshipped Makhleb.
Makhleb was exalted by your worship.
You visited 1 branch

Inventory:

Hand Weapons
 g - the +∞ Axe of Woe (weapon)
   (You found it in the Dungeon)
Armour
 a - a +0 scale mail (worn)
 b - a +0 kite shield (worn)
Jewellery
 h - a ring of protection from fire (left hand)
Potions
 f - 2 potions of magic


   Skills:
 O Level 27 Fighting
 O Level 27 Axes
 O Level 27 Throwing
 O Level 27 Armour
 O Level 27 Dodging
 O Level 27 Stealth
 O Level 27 Shields
 O Level 27 Unarmed Combat
 O Level 27 Spellcasting
 O Level 27 Invocations


You had 80 spell levels left.
You didn't know any spells.
Your spell library was empty.

Dungeon Overview and Level Annotations

Branches:
Dungeon (1/1)

Altars:
Makhleb


Innate Abilities, Weirdness & Mutations

You cannot be hasted, slowed, berserked, paralysed or teleported.
You can dig through walls and to a lower floor.
Your four strong arms can wield two-handed weapons with a shield.
You have a pair of large antennae on your head. (SInv)


Message History

The eight-headed meat hydra calls on the powers of darkness!
The eight-headed meat hydra convulses!
The fleshlord convulses!
Your body is wracked with pain!
* * * LOW HITPOINT WARNING * * *
The scourge convulses!
The observer convulses!
You hear a shout!
The fleshlord points at you and mumbles some strange words.
Your stasis prevents you from being slowed.
You hear a shout!
A vile comes into view. It is wielding a +0 flail.
* * * LOW HITPOINT WARNING * * *
You feel very sick.
The observer is no longer moving slowly.
You hear a shout! x2
The fleshlord gestures at you while chanting.
Your stasis prevents you from being slowed.
You hear a shout! x4
The observer gazes at you. Something smites you!
You die...

..§.#......# ##
..°{.......# #.#
.x))##)....# #..##
§o{○))).....###..#.##
.☼)###).....D....##.##
........))..)).......##
###
.#......))..)))######.##
##.# .....9...)...Sp.###
##.###.##
#.#..G...)...)G.@.#
##.#.##
........9..........#
##.##
.#.#..#....#.##....# ###
.....#.....## ##..#.#
o.....#....# ##.##.#
....#.....# #.###
........# ##


You could see an eight-headed meat hydra, an observer (fast, invisible,
extremely poisoned), a scourge and a fleshlord (fast).

Vanquished Creatures
  12 molten gargoyles (D)
  A greater mummy (D)
  3 great orbs of eyes (D)
  A wraith (D)
  6 vampire knights (D)
  27 ogres (D)
  4 two-headed ogres (D)
  A lich (D)
  48 orcs (D)
  2 skeletal warriors (D)
  4 sea snakes (D)
  2 large abominations (D)
  A crawling corpse (D)
112 creatures vanquished.

Notes
Turn   | Place    | Note
-------+----------+-------------------------------------------
     0 | D        | Found the +∞ Axe of Woe
     0 | D        | jfcaron the Formicid Fighter began the quest for the Orb.
     0 | D        | Reached XP level 1. HP: 18/18 MP: 1/1
     1 | D        | Noticed a bag of meat
     3 | D        | Became a worshipper of Makhleb the Destroyer
     5 | D        | Noticed a meat berserker
     5 | D        | Noticed a bag of meat
     5 | D        | Noticed a bag of meat
     5 | D        | Noticed a bag of meat
     6 | D        | Noticed a meat berserker
     7 | D        | Killed a bag of meat
     7 | D        | Reached skill level 15 in Shields
     7 | D        | Reached XP level 2. HP: 43/43 MP: 2/2
     7 | D        | Reached XP level 3. HP: 49/49 MP: 3/3
     7 | D        | Reached XP level 4. HP: 56/56 MP: 4/4
     7 | D        | Reached XP level 5. HP: 62/62 MP: 5/5
     7 | D        | Reached XP level 6. HP: 69/69 MP: 6/6
     7 | D        | Reached XP level 7. HP: 75/75 MP: 7/7
     7 | D        | Reached XP level 8. HP: 82/82 MP: 8/8
     7 | D        | Reached XP level 9. HP: 88/88 MP: 9/9
     7 | D        | Reached XP level 10. HP: 95/95 MP: 10/10
     7 | D        | Reached XP level 11. HP: 101/101 MP: 11/11
     7 | D        | Reached XP level 12. HP: 108/108 MP: 12/12
     8 | D        | Noticed a bag of meat
     9 | D        | Killed a bag of meat
     9 | D        | Reached * piety under Makhleb
     9 | D        | Reached XP level 13. HP: 119/119 MP: 13/13
     9 | D        | Killed a bag of meat
     9 | D        | Reached XP level 14. HP: 129/129 MP: 14/14
     9 | D        | Killed a meat berserker
     9 | D        | Reached XP level 15. HP: 141/141 MP: 15/15
    10 | D        | Reached ** piety under Makhleb
    10 | D        | Reached XP level 16. HP: 150/150 MP: 16/16
    10 | D        | Noticed a meat berserker
    11 | D        | Noticed a meat berserker
    11 | D        | Noticed a meat berserker
    12 | D        | Noticed a meat berserker
    14 | D        | Noticed a meat berserker
    14 | D        | Noticed a meat berserker
    14 | D        | HP: 16/150 [bag of meat/+9 war axe (26)]
    15 | D        | Killed a meat berserker
    15 | D        | Reached skill level 27 in Axes
    15 | D        | Reached XP level 17. HP: 56/165 MP: 17/17
    15 | D        | Noticed a meat berserker
    15 | D        | Noticed a meat berserker
    16 | D        | Noticed a meat berserker
    16 | D        | Killed a meat berserker
    16 | D        | Reached *** piety under Makhleb
    16 | D        | Reached skill level 27 in Shields
    16 | D        | Reached XP level 18. HP: 62/179 MP: 18/18
    17 | D        | Killed a meat berserker
    17 | D        | Reached skill level 27 in Fighting
    17 | D        | Reached skill level 27 in Armour
    17 | D        | Killed a meat berserker
    17 | D        | Reached XP level 19. HP: 189/189 MP: 18/33
    17 | D        | Killed a meat berserker
    17 | D        | Reached **** piety under Makhleb
    18 | D        | Reached XP level 20. HP: 197/197 MP: 18/37
    18 | D        | Killed a meat berserker
    18 | D        | Reached skill level 27 in Invocations
    19 | D        | Noticed a destroyer
    19 | D        | Noticed a meat berserker
    20 | D        | Noticed a meat berserker
    20 | D        | Noticed a meat berserker
    20 | D        | Noticed a destroyer
    21 | D        | Noticed a meat berserker
    21 | D        | Killed a meat berserker
    21 | D        | Reached skill level 27 in Dodging
    21 | D        | Reached skill level 10 in Throwing
    21 | D        | Reached skill level 10 in Unarmed Combat
    21 | D        | Reached skill level 10 in Spellcasting
    21 | D        | Reached XP level 21. HP: 204/204 MP: 18/38
    21 | D        | Killed a meat berserker
    21 | D        | Killed a meat berserker
    21 | D        | Reached ***** piety under Makhleb
    21 | D        | Killed a meat berserker
    21 | D        | Reached XP level 22. HP: 212/212 MP: 18/45
    23 | D        | Killed a destroyer
    23 | D        | Reached skill level 27 in Stealth
    23 | D        | Reached XP level 23. HP: 219/219 MP: 19/49
    23 | D        | Noticed a large bag of meat
    25 | D        | Reached skill level 27 in Throwing
    25 | D        | Reached skill level 27 in Unarmed Combat
    25 | D        | Reached skill level 27 in Spellcasting
    25 | D        | Reached XP level 24. HP: 227/227 MP: 19/54
    25 | D        | Noticed a large bag of meat
    27 | D        | Reached ****** piety under Makhleb
    27 | D        | Reached XP level 25. HP: 234/234 MP: 20/54
    28 | D        | Noticed a destroyer
    28 | D        | Noticed a destroyer
    29 | D        | Noticed a large bag of meat
    32 | D        | Reached XP level 26. HP: 242/242 MP: 22/54
    33 | D        | Reached XP level 27. HP: 249/249 MP: 22/54
    34 | D        | Noticed a destroyer
    34 | D        | Killed a destroyer
    34 | D        | Killed a large bag of meat
    36 | D        | Noticed a large bag of meat
    40 | D        | Killed a destroyer
    41 | D        | Noticed a large bag of meat
    42 | D        | Killed a large bag of meat
    49 | D        | Noticed an accursed
    50 | D        | Noticed an accursed
    50 | D        | Noticed a destroyer
    50 | D        | Noticed a tyrant
    52 | D        | Killed a destroyer
    52 | D        | Killed an accursed
    54 | D        | Noticed an accursed
    54 | D        | Killed a destroyer
    56 | D        | Noticed a destroyer
    56 | D        | Killed a tyrant
    69 | D        | Killed a large bag of meat
    72 | D        | Killed a large bag of meat
    80 | D        | HP: 45/249 [something (8)]
   518 | D        | Noticed a vile
   522 | D        | Killed a vile
   531 | D        | Noticed a dread
   531 | D        | Noticed a destroyer
   531 | D        | Noticed a vile
   531 | D        | Noticed a vile
   532 | D        | Noticed a vile
   533 | D        | Noticed a vile
   533 | D        | Noticed a vile
   536 | D        | Noticed a vile
   536 | D        | Noticed a vile
   537 | D        | Noticed a vile
   538 | D        | Killed a destroyer
   539 | D        | Killed a vile
   540 | D        | Noticed a vile
   543 | D        | Killed a vile
   543 | D        | Noticed a vile
   543 | D        | Noticed a vile
   545 | D        | Killed a vile
   545 | D        | Killed a vile
   546 | D        | Killed a vile
   546 | D        | Killed a vile
   546 | D        | Noticed a fleshlord
   547 | D        | Killed a vile
   548 | D        | Killed a vile
   549 | D        | Killed a vile
   550 | D        | HP: 20/249 [meat berserker/+9 battleaxe (43)]
   550 | D        | HP: 9/249 [observer/divine providence (11)]
   551 | D        | Killed a vile
   553 | D        | Killed a dread
   553 | D        | Killed a vile
   555 | D        | HP: 22/249 [poisoned by a scourge (bolt of poison)]
   555 | D        | Noticed a vile
   556 | D        | HP: 7/249 [poisoned by a scourge (bolt of poison)]
   556 | D        | Killed from afar by an observer

Illustrated notes

Levels and vault maps discovered:
D:        meatsprint

Skill      XL: |  1  2  3  4  5  6  7  8  9 10 11 12 13 14 15 16 17 18 19 20 21 22 23 |
---------------+----------------------------------------------------------------------+-----
Fighting       | 14 16 17 20 23 26 27 | 27.0
Axes           | 17 20 21 24 25 27 | 27.0
Armour         | 14 16 17 20 23 26 27 | 27.0
Shields        | 15 17 19 21 22 25 27 | 27.0
Dodging        | 17 21 27 | 27.0
Invocations    | 21 26 27 | 27.0
Throwing       | 10 19 22 27 | 27.0
Stealth        | 12 23 27 | 27.0
Unarmed Combat | 10 19 22 27 | 27.0
Spellcasting   | 10 19 22 27 | 27.0

Action                   |  1- 3 |  4- 6 |  7- 9 | 10-12 | 13-15 | 16-18 | 19-21 | 22-24 | 25-27 || total
-------------------------+-------+-------+-------+-------+-------+-------+-------+-------+-------++-------
Melee: Executioner's axe |     1 |       |       |     1 |     1 |     3 |     2 |     3 |    35 ||    46
Invok: Greater Servant o |       |       |       |       |       |       |       |     1 |     1 ||     2
 Abil: Dig               |       |       |       |       |       |       |       |       |     4 ||     4
  Use: Potion            |       |       |       |       |       |       |       |       |     3 ||     3
Armor: Scale mail        |       |       |       |       |       |       |       |       |     1 ||     1
Dodge: Dodged            |       |       |       |       |       |       |     1 |       |     9 ||    10
Block: Kite shield       |       |       |       |       |       |       |       |     2 |     7 ||     9

Table legend: (Time is in decaauts)
 A = Elapsed time spent in this place.
 B = Non-inter-level travel time spent in this place.
 C = Inter-level travel time spent in this place.
 D = Time resting spent in this place.
 E = Time spent auto-exploring this place.
 F = Levels seen in this place.
 G = Mean time per level.
                   A        B        C        D        E       F      G
               +--------+--------+--------+--------+--------+-----+--------+
         Total |    546 |    546 |      0 |    399 |      0 |   1 |  546.0 |
       Dungeon |    546 |    546 |      0 |    399 |      0 |   1 |  546.0 |
               +--------+--------+--------+--------+--------+-----+--------+

Top non-repeatable levels by time:
       D: 546 daAuts
